 Dungeon Crawl Stone Soup version 0.18-a0-19-g8b99b3a (webtiles) character file.

628 TruthSerum the Skirmisher (level 7, -1/66 HPs)
             Began as a Minotaur Fighter on Nov 2, 2015.
             Was an Initiate of Okawaru.
             Slain by tony's ghost (13 damage)
             ... on level 6 of the Dungeon.
             The game lasted 00:15:42 (3766 turns).

TruthSerum the Skirmisher (Minotaur Fighter)        Turns: 3766, Time: 00:15:42

Health: -1/66      AC:  9    Str: 20    XL:     7   Next: 23%
Magic:  6/6        EV:  6    Int:  5    God:    Okawaru [......]
Gold:   152        SH:  9    Dex: 12    Spells: 0 memorised, 6 levels left

rFire  . . .     SeeInvis .     a - +0 flail
rCold  . . .     Clarity  .     w - +0 chain mail
rNeg   + . .     SustAt   .     c - +0 shield
rPois  .         Gourm    .     (helmet restricted)
rElec  .         Spirit   .     (no cloak)
rCorr  .         Warding  .     (no gloves)
rMut   .         Stasis   .     (no boots)
MR     .....                    (no amulet)
Stlth  ..........               z - ring of positive energy
                                u - ring of stealth

@: not resistant to hostile enchantments, extremely unstealthy
A: retaliatory headbutt, horns 2
a: Renounce Religion


You were on level 6 of the Dungeon.
You worshipped Okawaru.
Okawaru was noncommittal.
You were hungry.

You visited 2 branches of the dungeon, and saw 7 of its levels.

You collected 152 gold pieces.

Inventory:

Hand Weapons
 a - a +0 flail (weapon)
Armour
 c - a +0 shield (worn)
 w - a +0 chain mail (worn)
Jewellery
 u - a ring of stealth (left hand)
 z - a ring of positive energy (right hand)
Scrolls
 p - 2 scrolls of remove curse {unknown}
 q - 3 scrolls of identify {unknown}
 r - a scroll of enchant weapon {unknown}
 s - a scroll of fear {unknown}
 y - a scroll of random uselessness {unknown}
 B - a scroll of teleportation {unknown}
Potions
 b - a potion of poison {unknown}
 d - a potion of might
 f - a potion of haste {unknown}
 g - a potion of brilliance {unknown}
 h - a potion of curing {unknown}
 i - a potion of flight {unknown}
 j - a potion of magic {unknown}
 k - a potion of agility {unknown}
 l - a potion of cure mutation {unknown}
 n - a potion of degeneration {unknown}
 o - 4 potions of heal wounds {unknown}
 t - a potion of berserk rage {unknown}
 v - a potion of mutation {unknown}
Comestibles
 e - 3 bread rations
 m - a meat ration
 x - a slice of pizza
 A - a beef jerky


   Skills:
 + Level 7.5 Fighting
 + Level 6.4 Maces & Flails
 - Level 3.6 Armour
 - Level 1.9 Dodging
 - Level 0.3 Stealth
 - Level 3.6 Shields
 + Level 0.8 Invocations


You had 6 spell levels left.
You didn't know any spells.

Dungeon Overview and Level Annotations

Branches:
Dungeon (6/15)             Temple (1/1) D:5

Altars:
Ashenzari
Cheibriados
Fedhas
Gozag
Kikubaaqudgha
Makhleb
Nemelex Xobeh
Okawaru
Ru
Sif Muna
Trog
Vehumet
Yredelemnul
Zin
The Shining One

Annotations:
D:6 tony's ghost, novice TrFi


Innate Abilities, Weirdness & Mutations

You reflexively headbutt those who attack you in melee.
You have a pair of horns on your head.


Message History

The phantom blinks!
The crimson imp barely misses you. You furiously retaliate!
You headbutt the crimson imp! You hit the crimson imp.
You kill the crimson imp!
Okawaru accepts your kill. You block tony's ghost's attack.
You closely miss tony's ghost.
Tony's ghost is severely damaged.
Tony's ghost hits you!
* * * LOW HITPOINT WARNING * * *
You hit tony's ghost.
Tony's ghost is severely damaged.
You are feeling hungry.
Tony's ghost hits you.
* * * LOW HITPOINT WARNING * * *
The phantom blinks!
You hit tony's ghost but do no damage.
Tony's ghost is severely damaged.
Tony's ghost hits you!
You die...

...............#
##########...<.#
###.....#
#......##
#.###### # #.#
#..##.## #.....#
##..#@#####
#.##W#...## #.
#ยง.....# ..
#......... ##
#........#
<.......##
###..^..##
.......#
.........


You could see tony's ghost.

Vanquished Creatures
  An ogre (D:5)
  An ice beast (D:5)
  A crimson imp (D:6)
  An orc priest (D:4)
  An orc wizard (D:4)
  Jessica (D:2)
  An iguana (D:4)
  Terence (D:2)
  A worker ant (D:5)
  A hound zombie (D:5)
  3 gnolls (D:3)
  13 adders
  An ooze (D:3)
  A worm (D:5)
  4 giant geckos
  5 orcs
  A ball python (D:4)
  8 bats
  5 giant cockroaches
  10 hobgoblins
  5 jackals
  8 kobolds
  2 quokkas
  A giant gecko zombie (D:5)
  6 giant newts
  8 goblins
  5 rats
96 creatures vanquished.

Notes
Turn   | Place    | Note
--------------------------------------------------------------
     0 | D:1      | TruthSerum the Minotaur Fighter began the quest for the Orb.
     0 | D:1      | Reached XP level 1. HP: 19/19 MP: 0/0
   102 | D:1      | Reached skill level 4 in Fighting
   177 | D:1      | Reached XP level 2. HP: 27/27 MP: 1/1
   777 | D:2      | Reached XP level 3. HP: 34/34 MP: 2/2
   839 | D:2      | Reached skill level 1 in Dodging
   878 | D:2      | Reached skill level 5 in Fighting
   878 | D:2      | Reached XP level 4. HP: 31/42 MP: 3/3
  1022 | D:2      | Found an ancient bone altar of Kikubaaqudgha.
  1034 | D:2      | Found a bloodstained altar of Trog.
  1034 | D:2      | Found a shattered altar of Ashenzari.
  1034 | D:2      | Found a snail-covered altar of Cheibriados.
  1039 | D:2      | Found a deep blue altar of Sif Muna.
  1109 | D:2      | Noticed Jessica
  1112 | D:2      | Killed Jessica
  1154 | D:2      | Noticed Terence
  1164 | D:2      | Killed Terence
  1164 | D:2      | Reached XP level 5. HP: 49/49 MP: 4/4
  2038 | D:4      | Reached skill level 6 in Fighting
  2126 | D:4      | Reached skill level 5 in Maces & Flails
  2126 | D:4      | Reached XP level 6. HP: 51/57 MP: 5/5
  2883 | D:5      | Entered Level 5 of the Dungeon
  2923 | D:5      | Found a staircase to the Ecumenical Temple.
  2932 | Temple   | Entered the Ecumenical Temple
  2949 | Temple   | Became a worshipper of Warmaster Okawaru
  2982 | D:5      | Reached skill level 7 in Fighting
  2982 | D:5      | Reached XP level 7. HP: 24/66 MP: 6/6
  3483 | D:5      | Found a basalt altar of Yredelemnul.
  3557 | D:5      | Found a blossoming altar of Fedhas.
  3723 | D:6      | Noticed tony's ghost (novice TrFi)
  3766 | D:6      | Slain by tony's ghost

Vault maps used:
D:1:      scummos_arrival_hexagon, minmay_surrounded
D:2:      minitemple, uniq_terence, uniq_jessica
D:3:      first_bread
D:5:      kennysheep_little_box, kennysheep_mini_moat,
          minmay_temple_entry_purple_smoke
Temple:   triangle_lava_temple_12

Action                   |  1- 3 |  4- 6 |  7- 9 || total
-------------------------+-------+-------+-------++-------
Melee: Flail             |    67 |   166 |    64 ||   297
  Use: Scroll            |     1 |       |       ||     1
  Eat: Chunk             |       |     7 |     2 ||     9
